 Dungeon Crawl Stone Soup version 0.30-a0-377-g5cb311bc9f (webtiles) character file.

Game seed: 7897694395927179003

55 SmokeWeed the Conjurer (level 3, 0/21 HPs)
             Began as an Octopode Conjurer on Nov 28, 2022.
             Succumbed to an adder's poison
             ... on level 2 of the Dungeon.
             The game lasted 00:14:37 (2158 turns).

SmokeWeed the Conjurer (Octopode Conjurer)          Turns: 2158, Time: 00:14:37

Health: 0/21       AC:  1    Str:  8    XL:     3   Next: 93%
Magic:  6/6        EV: 13    Int: 20    God:
Gold:   35         SH:  0    Dex: 10    Spells: 3/6 levels left

rFire   . . .      SeeInvis .    c - staff of conjuration
rCold   . . .      Faith    .    (no shield)
rNeg    . . .      Spirit   .    (helmet restricted)
rPois   .          Reflect  .    f - amulet of the acrobat
rElec   .          Harm     .    (no ring)
rCorr   .          Rampage  .    (no ring)
Will    .....                    (no ring)
Stlth   +++.......               (no ring)
HPRegen 0.23/turn                (no ring)
MPRegen 0.10/turn                (no ring)
                                 (no ring)
                                 (no ring)

@: brilliant, lethally poisoned (0 -> -2), invisible
A: almost no armour, amphibious, 8 rings, camouflage 1, gelatinous body 1,
(nimble swimmer 1), tentacles
a: no special abilities


You were on level 2 of the Dungeon.
You visited 1 branch of the dungeon, and saw 3 of its levels.

You collected 35 gold pieces.

Inventory:

Hand Weapons
 b - a +0 dagger
 k - a +1 whip of freezing
 l - a +2 vorpal spear
Missiles
 m - 3 poisoned darts
Magical Staves
 c - a staff of conjuration (weapon)
Jewellery
 f - an amulet of the acrobat (around mantle)
 i - the ring "Ebalicw" {Ice Will++ Str-3}
   (You found it on level 2 of the Dungeon)

   [ring of ice]

   It enhances your ice magic.
   Str:       It affects your strength (-3).
   rF:        It makes you vulnerable to fire.
   rC:        It protects you from cold.
   Will:      It greatly increases your willpower.
Scrolls
 d - a scroll of torment
 e - a scroll of noise
 n - 3 scrolls of poison {unknown}
Potions
 a - 2 potions of magic
 g - a potion of invisibility
 j - a potion of haste {unknown}


   Skills:
 + Level 2.1 Dodging
 + Level 2.9 Stealth
 + Level 2.4 Spellcasting
 + Level 5.0 Conjurations


You had 3 spell levels left.
You knew the following spells:

 Your Spells              Type           Power      Damage    Failure   Level
a - Magic Dart            Conj           100%       1d8       1%          1
b - Searing Ray           Conj           100%       2d8       2%          2

Your spell library contained the following spells:

 Spells                   Type           Power      Damage    Failure   Level
 Dazzling Flash           Conj/Hex       56%        N/A       16%         3
 Cigotuvi's Dreadful Rot  Necr/Pois/Air  6%         N/A       22%         2
 Poisonous Vapours        Pois/Air       6%         N/A       22%         2
 Mephitic Cloud           Conj/Pois/Air  20%        N/A       22%         3
 Fulminant Prism          Conj/Hex       14%        3d8       47%         4
 Iskenderun's Mystic Bla  Conj/Tloc      28%        2d7       47%         4
 Dispel Undead            Necr           3%         3d7       83%         4
 Death Channel            Necr           1%         N/A       100%        6


Dungeon Overview and Level Annotations

Branches:
Dungeon (3/15)

Altars:
Uskayaw

Annotations:
D:3 Terence


Innate Abilities, Weirdness & Mutations

You cannot wear most types of armour.
You are amphibious.
You can wear up to eight rings at the same time.
Your skin changes colour to match your surroundings (Stealth+).
Your rubbery body absorbs attacks. (AC +1, EV +1)
((You are camouflaged when in or above water. (Stealth+)))
You have tentacles for arms and can constrict up to eight enemies at once.


Message History

Terence is nearby!
An adder comes into view.
Terence completely misses you.
Terence hits you from afar with a +0 trident!
Ouch! That really hurt!
Found 5 javelins.
Terence screams, "I want your blood!"
The adder hisses angrily.
Terence shouts, "Now you die!" The adder attacks as you move away!
The adder misses you. The adder completely misses you.
The adder attacks as you move away! The adder completely misses you.
The adder completely misses you. The adder attacks as you move away!
The adder misses you. The adder attacks as you move away! The adder bites you.
You are poisoned.
The adder poisons you!
You feel sick.
You feel sick. The adder misses you.
You feel sick.
You feel sick.
You feel sick.
You are no longer poisoned.
The adder closely misses you. The adder attacks as you move away!
The adder completely misses you.
Terence says, "Don't bother to defend, it's senseless."
There is a stone staircase leading up here.
The adder bites you.
* * * LOW HITPOINT WARNING * * *
You are lethally poisoned!
The adder poisons you! Terence barely misses you.
You climb upwards.
* * * LOW HITPOINT WARNING * * *
You feel sick.
There is a stone staircase leading down here.
You fade into invisibility!
* * * LOW HITPOINT WARNING * * *
You feel sick.
It was a potion of brilliance.
You feel clever all of a sudden.
You die...

#.# ##.#.#####...## #.#
##..#..#..###### ##.#
###.#####..#### #
##..###.....###.....# #
##...##^....^.##.....# #
###..#.#........^##....# #
#......#......^...#....# ##
#..##....^.............###.
#..###.#..@..^.........#...
#......#S..^...^.##....#...
##.....##.......###........
#.....###....^#######.....
#.....####...####.........
#.................##......
#.###.........####........
#.###..................##.
#.##...................###


You could see an adder (wandering, unable to see you).

Vanquished Creatures
  2 adders (D:2)
  2 worms (D:2)
  2 giant cockroaches
  4 goblins (D:1)
  5 hobgoblins (D:2)
  2 jackals (D:2)
  3 quokkas
  2 ball pythons (D:1)
  2 bats
  3 kobolds
  5 rats
32 creatures vanquished.

Notes
Turn   | Place    | Note
-------+----------+-------------------------------------------
     0 | D:1      | SmokeWeed the Octopode Conjurer began the quest for the
                  | Orb.
     0 | D:1      | Reached XP level 1. HP: 11/11 MP: 3/3
   243 | D:1      | Reached XP level 2. HP: 17/17 MP: 0/5
   941 | D:2      | Identified the ring "Ebalicw" {Ice Will++ Str-3}
  1129 | D:1      | Learned a level 2 spell: Searing Ray
  1150 | D:2      | Reached XP level 3. HP: 21/21 MP: 2/6
  1312 | D:2      | Reached skill level 5 in Conjurations
  1804 | D:3      | Identified a scroll of acquirement
  1804 | D:3      | Acquired a staff of conjuration
  1865 | D:3      | Noticed Terence
  2069 | D:3      | Found a hide-covered altar of Uskayaw.
  2157 | D:2      | HP: 1/21 [poisoned by an adder]
  2158 | D:2      | Succumbed to an adder's poison

Illustrated notes

Levels and vault maps discovered:
D:1:      dpeg_arrival_yet_another_circle, layout_basic
D:2:      layout_rooms, nicolae_wormholes
D:3:      layout_basic, marbit_many_paths, mainiacjoe_overflow_six_doors_small,
          uniq_terence

Skill      XL: |  1  2  3 |
---------------+----------+-----
Conjurations   | 5 |  5.0
Dodging        | |  2.1
Stealth        | |  2.9
Spellcasting   | |  2.4

Action                   || total
-------------------------++-------
Melee: Whip              ||    14
       Constrict         ||     4
       Tentacles         ||     2
       Staff             ||     1
 Cast: Magic Dart        ||    56
       Searing Ray       ||     4
  Use: Scroll            ||     7
       Potion            ||     2
Armor: Skin              ||     3
Dodge: Dodged            ||    37

Table legend: (Time is in decaauts)
 A = Elapsed time spent in this place.
 B = Non-inter-level travel time spent in this place.
 C = Inter-level travel time spent in this place.
 D = Time resting spent in this place.
 E = Time spent auto-exploring this place.
 F = Levels seen in this place.
 G = Mean time per level.
                   A        B        C        D        E       F      G
               +--------+--------+--------+--------+--------+-----+--------+
         Total |   2163 |   2098 |     65 |    420 |   1288 |   3 |  721.0 |
       Dungeon |   2163 |   2098 |     65 |    420 |   1288 |   3 |  721.0 |
               +--------+--------+--------+--------+--------+-----+--------+

Top non-repeatable levels by time:
     D:1: 1141 daAuts
     D:2: 747 daAuts
     D:3: 274 daAuts
